 Dungeon Crawl Stone Soup version 0.31.0-7-gf635a9b802 (console) character file.

Game seed: 9037676290928523589

215 Zeia the Chiller (level 5, 0/42 HPs)
             Began as a Demigod Ice Elementalist on Jan 23, 2024.
             Slain by Grinder (6 damage)
             ... on level 3 of the Dungeon.
             The game lasted 00:09:11 (2242 turns).

Zeia the Chiller (Demigod Ice Elementalist)         Turns: 2242, Time: 00:09:11

Health: 0/42       AC: 10    Str: 15    XL:     5   Next: 34%
Magic:  1/12       EV: 12    Int: 21    God:
Gold:   169        SH:  0    Dex: 14    Spells: 9/10 levels left

rFire   . . .        r - +3 hammer {protect, rPois Str+6}
rCold   . . .        (no shield)
rNeg    . . .        a - +0 robe
rPois   +            (no helmet)
rElec   .            p - +0 cloak
rCorr   .            (no gloves)
SInv    .            (no boots)
Will    .....        (no amulet)
Stlth   ++           c - ring of poison resistance
HPRegen 0.27/turn    (no ring)
MPRegen 0.13/turn

%: no passive effects
@: under a protective aura
A: high MP 1, forlorn, divine attributes
a: no special abilities


You were on level 3 of the Dungeon.
You visited 1 branch of the dungeon, and saw 3 of its levels.

You collected 169 gold pieces.

Inventory:

Hand Weapons
 h - a +0 short sword
 i - a +2 glaive of distortion
 q - a +2 hammer of holy wrath
 r - the +3 hammer of Wezxopsy (weapon) {protect, rPois Str+6}
   (You found it on level 3 of the Dungeon)

   Str+6:     It affects your strength (+6).
   rPois:     It protects you from poison
Armour
 a - a +0 robe (worn)
 p - a +0 cloak (worn)
Jewellery
 c - a ring of poison resistance (left hand)
Scrolls
 e - a scroll of fog {unknown}
 f - a scroll of teleportation {unknown}
 g - a scroll of brand weapon {unknown}
 j - a scroll of amnesia {unknown}
 l - a scroll of identify
 s - a scroll of vulnerability {unknown}
Potions
 b - 2 potions of magic
 k - a potion of curing {unknown}
 m - 2 potions of ambrosia {unknown}
 n - a potion of enlightenment {unknown}
 o - a potion of might {unknown}
 t - 2 potions of resistance


   Skills:
 + Level 2.6 Fighting
 - Level 0.2 Short Blades
 - Level 1.7 Dodging
 - Level 1.7 Stealth
 + Level 3.0 Spellcasting
 + Level 4.8 Ice Magic


You had 9 spell levels left.
You knew the following spells:

 Your Spells              Type           Power      Damage    Failure   Level
a - Freeze                Ice            92%        1d9       1%          1

Your spell library contained the following spells:

 Spells                   Type           Power      Damage    Failure   Level
 Frozen Ramparts          Ice            46%        1d7       5%          3
 Ozocubu's Armour         Ice            23%        N/A       5%          3
 Summon Ice Beast         Ice/Summ       13%        N/A       14%         3
 Animate Dead             Necr           3%         N/A       78%         4
 Borgnjor's Vile Clutch   Necr/Erth      1%         N/A       98%         5
 Death Channel            Necr           1%         N/A       100%        6


Dungeon Overview and Level Annotations

Branches:
Dungeon (3/15)

Annotations:
D:3 Grinder


Innate Abilities, Weirdness & Mutations

You have an increased reservoir of magic. (+10% MP)
You shall have no god before yourself.
Your divine heritage dramatically boosts your attributes as you level up.


Message History

You completely miss Grinder.
Grinder is lightly wounded.
Grinder hits you but does no damage. Grinder hits you.
You writhe in agony.
You hit Grinder but do no damage.
Your weapon exudes an aura of protection.
Grinder is lightly wounded.
Grinder gestures at you. Pain shoots through your body!
* * * LOW HITPOINT WARNING * * *
Unknown command.
You barely miss Grinder.
Grinder is lightly wounded.
Grinder hits you but does no damage. Grinder gestures at you.
Pain shoots through your body!
* * * LOW HITPOINT WARNING * * *
Unknown command.
Casting: Freeze (safe; 1% risk of failure)
Confirm with . or Enter, or press ? or * to list all spells.
Aiming: Freeze (safe; 1% risk of failure)
Press: ? - help, Shift-Dir - straight line, f/p - Grinder
Aim: Grinder (lightly wounded)
You freeze Grinder.
Grinder resists.
Grinder is lightly wounded.
Grinder hits you but does no damage.
You hit Grinder.
Grinder is moderately wounded.
Grinder closely misses you.
As you read the scroll labelled MOABEAQ PUCZAF, it crumbles to dust.
It is a scroll of identify.
t - 2 potions of resistance Grinder gestures at you.
You struggle to resist.
You hit Grinder.
Grinder is moderately wounded.
Grinder hits you.
* * * LOW HITPOINT WARNING * * *
You writhe in agony.
You die...
Grinder says, "Now the real fun starts!"

#.# #.# #### #.#
###....# #######.#
#......###@
........####..#...... .
.......<.....# #.... ..
.......#.##..###..# ...
.......+.###..#..# ....
.......#..##.....##.....
####.............†......
###....##......@5.##.
..# #.....####..._..)##
... ##.###..##......†..#
.#
.†.....................
...
##.###....##.....##..##
### .........###..#..#
#.# # .#.#.....# ..###..
.# ### .#.#......... #..
# #.. #.# ........ .##
#.. #.. ..... #.. ###
.... #..


You could see Grinder.

Vanquished Creatures
  Crazy Yiuf (D:3)
  Terence (D:3)
  Natasha (twice) (D:3)
  6 adders
  3 dart slugs (D:1)
  7 ball pythons
  5 endoplasms
  4 goblins
  5 hobgoblins
  4 jackals (D:1)
  4 quokkas
  2 bats
  5 frilled lizards
  2 kobolds (D:2)
  2 rats (D:2)
53 creatures vanquished.

Notes
Turn   | Place    | Note
-------+----------+-------------------------------------------
     0 | D:1      | Zeia the Demigod Ice Elementalist began the quest for the
                  | Orb.
     0 | D:1      | Reached XP level 1. HP: 14/14 MP: 5/5
   270 | D:1      | Reached XP level 2. HP: 22/22 MP: 2/7
   271 | D:1      | Reached skill level 4 in Ice Magic
   539 | D:1      | Reached skill level 1 in Fighting
   802 | D:2      | Reached XP level 3. HP: 27/28 MP: 4/8
  1324 | D:2      | Reached XP level 4. HP: 36/36 MP: 8/10
  1761 | D:3      | Found a runed translucent door.
  1761 | D:3      | Identified the +11 hammer of the Whale {freeze, +Blink rC+
                  | Will+ Str-4}
  1762 | D:3      | Noticed Crazy Yiuf
  1775 | D:3      | Killed Crazy Yiuf
  1841 | D:3      | Identified the +3 hammer of Wezxopsy {protect, rPois Str+6}
  2045 | D:3      | Noticed Natasha
  2052 | D:3      | Killed Natasha
  2107 | D:3      | Noticed Natasha
  2141 | D:3      | Killed Natasha
  2142 | D:3      | Reached XP level 5. HP: 36/42 MP: 6/12
  2200 | D:3      | Noticed Terence
  2201 | D:3      | Noticed Grinder
  2205 | D:3      | Paralysed by Grinder for 5 turns
  2221 | D:3      | Killed Terence
  2222 | D:3      | Paralysed by Grinder for 4 turns
  2232 | D:3      | Paralysed by Grinder for 4 turns
  2242 | D:3      | Slain by Grinder

Illustrated notes

Levels and vault maps discovered:
D:1:      amcnicky_arrival_blooded_trapdoor, layout_loops_cross,
          shapermc_ecumenical_altar_flowoftime
D:2:      layout_rooms, serial_forest, infiniplex_forest_lined_3_way,
          infiniplex_forest_end_2, infiniplex_forest_clump_large,
          infiniplex_forest_clump_double, infiniplex_forest_lined_2,
          infiniplex_forest_straight_1, infiniplex_forest_straight_4,
          infiniplex_forest_fountain, basic_altar
D:3:      layout_basic, mainiacjoe_overflow_surrounded_room,
          nicolae_dithmenos_shadow_blocks, serial_curves, eino_curves_02,
          eino_curves_04, serial_bayou_pond_c, uniq_grinder, uniq_terence,
          uniq_natasha, uniq_crazy_yiuf_cottage

Skill      XL: |  1  2  3  4  5 |
---------------+----------------+-----
Ice Magic      | 4 |  4.8
Fighting       | 1 2 |  2.6
Spellcasting   | 2 3 |  3.0
Short Blades   | |  0.2
Dodging        | |  1.7
Stealth        | |  1.7

Action                     |  1- 3 |  4- 6 || total
---------------------------+-------+-------++-------
  Melee: Short sword       |    47 |    14 ||    61
         Unarmed           |     1 |       ||     1
         Punch             |     3 |       ||     3
         Mace              |       |    25 ||    25
   Cast: Freeze            |    42 |    28 ||    70
    Use: Potion            |       |     3 ||     3
         Scroll            |       |     1 ||     1
   Stab: Sleeping          |     5 |     2 ||     7
 Armour: Robe              |    29 |    50 ||    79
  Dodge: Dodged            |    40 |    41 ||    81
